 Dungeon Crawl Stone Soup version 0.30.0-10-gfe55d96785 (webtiles) character file.

Game seed: 4797126710373438921

39 ProzacElf the Shooter (level 3, 0/24 HPs)
             Began as a Demonspawn Wanderer on May 14, 2023.
             Slain by a kobold
             ... wielding a +0 whip
              (4 damage)
             ... on level 2 of the Dungeon.
             The game lasted 00:02:57 (1493 turns).

ProzacElf the Shooter (Demonspawn Wanderer)         Turns: 1493, Time: 00:02:58

Health: 0/24       AC:  5    Str: 15    XL:     3   Next: 28%
Magic:  4/4        EV: 12    Int: 11    God:
Gold:   86         SH:  0    Dex: 13    Spells: 3/4 levels left

rFire   + . .        b - +0 shortbow
rCold   + . .        (shield currently unavailable)
rNeg    . . .        n - +2 robe {rC+ rF+}
rPois   .            (no helmet)
rElec   .            (no cloak)
rCorr   .            (no gloves)
SInv    .            g - +0 pair of boots
Will    .....        (no amulet)
Stlth   +            (no ring)
HPRegen 0.24/turn    (no ring)
MPRegen 0.18/turn

%: no passive effects
@: no status effects
A: magic regeneration
a: no special abilities


You were on level 2 of the Dungeon.
You visited 1 branch of the dungeon, and saw 3 of its levels.

You collected 86 gold pieces.

Inventory:

Hand Weapons
 a - a +0 long sword
 b - a +0 shortbow (weapon)
 o - a +0 short sword
Armour
 d - a +0 leather armour
 g - a +0 pair of boots (worn)
 n - a +2 robe of resistance (worn)
Scrolls
 c - 3 scrolls of fog
 e - a scroll of torment {unknown}
 f - 3 scrolls of identify {unknown}
 j - a scroll of noise {unknown}
 l - a scroll of teleportation {unknown}
Potions
 h - 2 potions of curing {unknown}
 i - a potion of brilliance {unknown}
 k - a potion of lignification {unknown}
 m - a potion of heal wounds {unknown}


   Skills:
 + Level 3.3 Ranged Weapons
 - Level 2.6 Armour
 + Level 2.1 Dodging
 - Level 1.0 Spellcasting
 - Level 2.0 Translocations


You had 3 spell levels left.
You knew the following spells:

 Your Spells              Type           Power      Damage    Failure   Level
p - Apportation           Tloc           8%         N/A       14%         1

Your spell library contained the following spells:

 Spells                   Type           Power      Damage    Failure   Level
 Volatile Blastmotes      Fire/Tloc      4%         2d10      54%         3


Dungeon Overview and Level Annotations

Branches:
Dungeon (3/15)

Altars:


Innate Abilities, Weirdness & Mutations

You regenerate magic rapidly.


Message History

Ye climb downwards.
Found 4 atropa-tipped darts, a smoky blue potion an' a fumin' orange potion.
Found an 'scape hatch in tha ceilin'.
Found a stone staircase leadin' down.
Thar be a stone staircase leadin' up 'ere.
Thar be monsters nearby!
Ye shoot an arrow.
Tha arrow hits tha worm.
Tha worm be lightly wounded.
Ye shoot an arrow.
Tha arrow hits tha worm but does nay damage.
Tha worm be lightly wounded.
Tha kobold shouts!
Ye shoot an arrow.
Tha arrow barely misses tha worm.
Ye shoot an arrow.
Tha arrow hits tha worm.
Tha worm be moderately wounded.
Ye shoot an arrow.
Tha arrow barely misses tha worm.
Tha worm closely misses ye.
Ye shoot an arrow.
Tha arrow barely misses tha worm.
Tha worm bites ye!
Ye take 9 damage, an' haf 15/24 hp.
MASSIVE DAMAGE!!
Ye shoot an arrow.
Tha arrow hits tha worm!
Tha worm be heavily wounded.
Tha kobold hits ye wit' a +0 whip.
Tha worm bites ye!
* * * LOW HITPOINT WARNIN'
* * * Ye take 10 damage, an' haf 5/24 hp.
MASSIVE DAMAGE!!
Ye be too injured ta fight recklessly!
Ye be too injured ta fight recklessly!
Ye be too injured ta fight recklessly!
Ye be too injured ta fight recklessly!
Tha kobold hits ye wit' a +0 whip.
* * * LOW HITPOINT WARNIN'
* * * Ye climb upwards.
Thar be a stone staircase leadin' down 'ere.
Ye take 2 damage, an' haf 3/24 hp.
Ye be too injured ta fight recklessly!
Fire: b) +0 shortbow
Press: ? - help, Q - select action, (/) - cycle Shift-Dir - straight line, f - worm
Aim: a worm (heavily wounded, 77% ta hit) Ye shoot an arrow.
Tha arrow hits tha worm!
Tha worm be almost dead.
Tha kobold hits ye wit' a +0 whip.
Ye die...

#.#.##...'..# #..........###....#
###.##...##.############'##..####
....#....##..#########.........#
#####....###.........#.........#
# #....# #...................# #
#....# #..........#........# #
#....# #####'##..##........# #
#....# #w#..###........# # #....#
#@K....'........# #####....#
########........# .........#
#........# #####.#### #........#
....#.# #........# ###.#.#
########## ....#.# #####.#
.<....#


You could see a worm and a kobold.

Vanquished Creatures
  A bat (D:1)
  4 endoplasms
  2 giant cockroaches (D:2)
  4 goblins (D:1)
  5 hobgoblins (D:1)
  2 jackals (D:1)
  2 kobolds (D:1)
  2 quokkas
  5 ball pythons (D:1)
  3 frilled lizards (D:1)
  3 rats
33 creatures vanquished.

Notes
Turn   | Place    | Note
-------+----------+-------------------------------------------
     0 | D:1      | ProzacElf the Demonspawn Wanderer began the quest for the
                  | Orb.
     0 | D:1      | ProzacElf set off with the following items: a +0 shortbow,
                  | a +0 pair of boots, a scroll of fog, a +0 leather armour;
                  | and the following spell memorised: Apportation; and the
                  | following spells available to memorise: Volatile
                  | Blastmotes.
     0 | D:1      | Reached XP level 1. HP: 13/13 MP: 2/2
    70 | D:1      | Gained mutation: You regenerate magic rapidly. [demonic
                  | ancestry]
    70 | D:1      | Reached XP level 2. HP: 19/19 MP: 3/3
   102 | D:1      | Reached skill level 3 in Ranged Weapons
   244 | D:1      | Reached XP level 3. HP: 24/24 MP: 4/4
  1493 | D:2      | Slain by a kobold

Illustrated notes

Levels and vault maps discovered:
D:1:      elethiomel_arrival_quiet, layout_basic, st_stairs_1
D:2:      layout_basic
D:3:      layout_loops_ring, serial_shops, shop, kennysheep_generic_room_15,
          uniq_terence, uniq_sigmund

Skill      XL: |  1  2 |
---------------+-------+-----
Translocations | 2 |  2.0
Ranged Weapons | 3 |  3.3
Dodging        | 2 |  2.1
Armour         | |  2.6
Spellcasting   | |  1.0

Action                     || total
---------------------------++-------
   Fire: Shortbow          ||    96
 Armour: Leather armour    ||    11
         Robe              ||     1
  Dodge: Dodged            ||    24

Action                     || total
---------------------------++-------
   Fire: Shortbow          ||    96
 Armour: Leather armour    ||    11
         Robe              ||     1
  Dodge: Dodged            ||    24

Levels and vault maps discovered:
D:1:      elethiomel_arrival_quiet, layout_basic, st_stairs_1
D:2:      layout_basic
D:3:      layout_loops_ring, serial_shops, shop, kennysheep_generic_room_15,
          uniq_terence, uniq_sigmund
